 Dungeon Crawl Stone Soup version 0.14-a0-2730-g72a2965 (webtiles) character file.

438 MackTheKnife the Sneak (level 6, -1/32 HPs)
             Began as a Vine Stalker Monk on Feb 18, 2014.
             Slain by a mummy (6 damage)
             ... in an ossuary on Feb 20, 2014.
             The game lasted 00:04:34 (2988 turns).

MackTheKnife the Sneak (Vine Stalker Monk)          Turns: 2988, Time: 00:04:34

HP  -1/32        AC  2     Str 14      XL: 6   Next: 36%
MP   0/8         EV 13     Int 10      God:
Gold 140         SH  0     Dex 18      Spells:  0 memorised,  5 levels left

rFire  . . .     SeeInvis .     n - +0,+1 orc dagger (venom) (curse)
rCold  . . .     Clarity  .     a - +0 robe (curse)
rNeg   . . .     Conserve .     (no shield)
rPois  .         rCorr    .     (no helmet)
rElec  .         rRot     +     (no cloak)
SustAb . .       Spirit   +     (no gloves)
rMut   .         Warding  .     (no boots)
Saprov . . .     Stasis   .     (no amulet)
MR     .....                    (no ring)
                                (no ring)

@: not resistant to hostile enchantments, quite stealthy
A: fangs 2, regeneration 2, magic shield, antimagic bite, no device heal
a: no special abilities


You were in an ossuary.
You were not hungry.

You visited 1 branch of the dungeon, and saw 4 of its levels.
You also visited: Ossuary.

You collected 140 gold pieces.


Innate Abilities, Weirdness & Mutations

You have extremely sharp teeth.
You heal very quickly.
When hurt, damage is shared between your health and your magic reserves.
Your bite disrupts and absorbs the magic of your enemies.
Potions and wands cannot restore your HP.


   Skills:
 - Level 2.6 Fighting
 + Level 3.4 Short Blades
 - Level 2.4 Dodging
 + Level 6.4 Stealth
 - Level 4.1 Unarmed Combat


You had 5 spell levels left.
You didn't know any spells.

Inventory:

Hand weapons
 n - a cursed +0,+1 orcish dagger of venom (weapon)
Armour
 a - a cursed +0 robe (worn)
Magical devices
 r - a wand of confusion (8)
Comestibles
 b - 4 bread rations
 h - a rambutan
 s - a meat ration
Scrolls
 d - a scroll of remove curse {unknown}
 f - a scroll of enchant weapon II {unknown}
 g - a scroll of immolation {unknown}
 j - a scroll of amnesia {unknown}
 l - a scroll of fog {unknown}
 o - a scroll of noise {unknown}
 p - a scroll of curse armour {unknown}
Potions
 c - a potion of invisibility
 e - 6 potions of curing
 k - a potion of restore abilities

▒▒▒'▒▒▒ M▒
▒▒·····▒▒ ▒·+
▒▒·······▒▒▒··▒
·▒·········▒···+
·'····⌠····'···▒
▒·········▒···+
▒▒·······▒▒▒··▒
▒▒··M··▒▒ ▒·+
▒▒▒P▒▒▒ ·▒ ▒!▒
·▒ ▒▒·▒▒ ? ▒·∩·▒
! ▒·∩·▒ ▒▒▒▒▒


You could see a mummy.


Message History

The mummy barely misses you.
There is an open door here.
You hit the mummy.
The mummy is lightly damaged.
You hit the mummy but do no damage. You bite the mummy. You drain its power.
The mummy is moderately damaged.
The mummy hits you!
* * * LOW HITPOINT WARNING * * *
You hit the mummy but do no damage. You bite the mummy, but do no damage.
The mummy is moderately damaged.
You hit the mummy but do no damage. You bite the mummy. You drain its power.
You feel invigorated.
The mummy is heavily damaged.
The mummy hits you but does no damage.
You barely miss the mummy. You bite the mummy. You drain its power.
You feel invigorated.
The mummy is heavily damaged.
You hit the mummy.
The mummy is severely damaged.
You hit the mummy.
The mummy is severely damaged.
The mummy hits you!
* * * LOW HITPOINT WARNING * * *
You hit the mummy but do no damage. You punch the mummy.
The mummy is almost destroyed.
The sentinel's mark upon you fades away.
You barely miss the mummy.
The mummy is almost destroyed.
The mummy hits you!
You die...

Action                   |  1- 3 |  4- 6 || total
-------------------------+-------+-------++-------
Melee: Unarmed           |    59 |       ||    59
       Short sword       |    44 |    22 ||    66
       Dagger            |       |   117 ||   117
Evoke: Wand              |       |     2 ||     2
  Use: Scroll            |     2 |     2 ||     4
       Potion            |       |     1 ||     1
 Stab: Sleeping          |     3 |     4 ||     7

Vault maps used:
D:1:      mrwooster_arrival_statue_2
D:2:      nicolae_overflow_hidden_temple
D:3:      led_sif_pool, first_bread
D:4:      zin_angel, enter_ossuary_3, serial_shops, shop, cheibriados_altar_1,
          uniq_eustachio, uniq_sigmund
Ossuary:  ossuary_crypta

Notes
Turn   | Place    | Note
--------------------------------------------------------------
     0 | D:1      | MackTheKnife, the Vine Stalker Monk, began the quest for the Orb.
     0 | D:1      | Reached XP level 1. HP: 11/11 MP: 1/1
     0 | D:1      | Upgraded the game from 0.14-a0-2691-g997c442 to 0.14-a0-2730-g72a2965
   487 | D:1      | Reached skill level 3 in Stealth
   487 | D:1      | Reached XP level 2. HP: 10/16 MP: 0/3
   713 | D:1      | Reached skill level 4 in Stealth
   718 | D:1      | Reached XP level 3. HP: 16/19 MP: 2/4
  1322 | D:2      | Reached skill level 1 in Short Blades
  1526 | D:2      | Reached XP level 4. HP: 19/23 MP: 5/5
  1697 | D:3      | Found a deep blue altar of Sif Muna.
  2280 | D:3      | Reached skill level 5 in Stealth
  2365 | D:3      | Reached skill level 2 in Short Blades
  2365 | D:3      | Reached XP level 5. HP: 18/27 MP: 5/7
  2767 | D:4      | Found a glowing silver altar of Zin.
  2767 | D:4      | Noticed an angel
  2782 | D:4      | Noticed Sigmund
  2786 | D:4      | Found a sand-covered staircase.
  2790 | D:4      | Killed Sigmund
  2790 | D:4      | Reached skill level 3 in Short Blades
  2790 | D:4      | Reached skill level 6 in Stealth
  2790 | D:4      | Gained mutation: You heal very quickly. [vine stalker growth]
  2790 | D:4      | Reached XP level 6. HP: 32/32 MP: 8/8
  2800 | Ossuary  | Entered an ossuary
  2988 | Ossuary  | Slain by a mummy

Vanquished Creatures
  Sigmund (D:4)
  An orc priest (D:3)
  An orc wizard (D:3)
  4 mummies (Ossuary)
  3 adders
  A gnoll (D:1)
  A giant mite (D:3)
  A giant eyeball (D:4)
  2 giant geckos
  2 oozes
  13 orcs (D:3)
  4 goblins
  4 hobgoblins
  3 jackals (D:1)
  8 kobolds
  A quokka (D:2)
  6 bats
  3 giant newts (D:2)
  A hobgoblin zombie (D:4)
  A jackal zombie (D:4)
  3 rats
64 creatures vanquished.
